Map: 2000 Atmospheres LE

Players

TriGGeR - Winner!

  • Race: Protoss Protoss
  • League: Grandmaster

MaSa

  • Race: Terran Terran
  • League: Master

Event: DreamHack SC2 Masters 2021 Summer

VOD

Have the link to the VOD?

Description

Time

  • Played on: May 30, 2021, 4:09 p.m.
  • Length: 14:03

All games in this series

Show
View Real Time Build Order
Export as new Build Order

TriGGeR Protoss - Winner!

Build Orders: 1 Gate Expand, Phoenix Opening 

Get SALT Encoding   

  12  0:00  Probe  
  13  0:12  Probe  
  14  0:18  Pylon  
  14  0:24  Probe (Chrono Boost)  
  15  0:37  Gateway  
  15  0:38  Probe (Chrono Boost)  
  16  0:43  Probe (Chrono Boost)  
  16  0:46  Assimilator  
  17  0:54  Probe  
  18  1:06  Probe  
  19  1:18  Probe  
  20  1:27  Cybernetics Core  
  20  1:30  Probe  
  21  1:36  Nexus  
  21  1:42  Probe  
  22  1:49  Pylon  
  21  1:54  Assimilator  
  21  1:55  Probe  
  22  2:07  Probe  
  23  2:12  Stargate  
  23  2:18  Adept (Chrono Boost)  
  23  2:19  Probe  
  26  2:31  Probe  
  26  2:34  Shield Battery  
  27  2:41  Adept  
  27  2:43  Probe  
  30  2:49  Probe  
  30  2:50  Void Ray (Chrono Boost)  
  31  2:55  Probe  
  32  3:05  Shield Battery  
  36  3:06  Probe  
  36  3:09  Probe  
  38  3:17  Stalker  
  40  3:25  Phoenix (Chrono Boost)  
  41  3:27  Probe  
  41  3:31  Probe  
  43  3:39  Probe  
  44  3:41  Phoenix  
  46  3:55  Pylon  
  46  3:57  Pylon  
  46  4:08  Pylon  
  46  4:13  Probe x2, Phoenix  
  48  4:25  Probe x2  
  48  4:27  Warp Gate  
  49  4:37  Probe x2  
  51  4:41  Oracle (Chrono Boost)  
  52  4:49  Probe x2, Forge  
  50  5:01  Probe x2  
  50  5:02  Gateway  
  52  5:13  Probe  
  52  5:14  Probe  
  52  5:22  Assimilator  
  52  5:23  Photon Cannon, Assimilator  
  52  5:26  Probe x2, Photon Cannon  
  54  5:38  Probe x2, Gateway  
  54  5:50  Probe x2, Phoenix  
  58  6:02  Probe  
  59  6:05  Twilight Council  
  59  6:08  Gateway  
  59  6:09  Probe  
  60  6:14  Probe  
  61  6:21  Probe  
  61  6:25  Phoenix (Chrono Boost)  
  64  6:26  Probe  
  65  6:33  Probe  
  65  6:38  Probe  
  65  6:39  Charge (Chrono Boost)  
  67  6:45  Probe  
  70  6:48  Phoenix (Chrono Boost)  
  70  6:51  Protoss Ground Weapons Level 1 (Chrono Boost)  
  70  6:54  Pylon  
  70  6:56  Nexus  
  70  7:00  Pylon  
  70  7:03  Probe  
  70  7:05  Phoenix (Chrono Boost)  
  69  7:09  Pylon  
  69  7:11  Probe  
  69  7:15  Probe  
  71  7:21  Stalker  
  71  7:22  Stalker x2  
  75  7:26  Phoenix (Chrono Boost)  
  75  7:29  Probe  
  76  7:45  Probe x2  
  76  7:50  Robotics Facility  
  78  7:57  Probe x2  
  80  8:00  Gateway  
  80  8:02  Gateway  
  80  8:03  Adept x2  
  80  8:04  Stalker x2  
  86  8:09  Probe  
  86  8:11  Probe  
  86  8:12  Probe  
  89  8:21  Probe  
  89  8:23  Probe  
  89  8:32  Stalker x4  
  89  8:33  Probe  
  89  8:34  Probe  
  95  8:39  Observer (Chrono Boost)  
  96  8:47  Nexus  
  96  8:48  Gateway  
  96  8:55  Probe x2, Protoss Ground Armor Level 1 (Chrono Boost), Assimilator, Robotics Facility  
  98  8:58  Assimilator  
  98  9:03  Blink, Stalker x2  
  98  9:08  Stalker x2  
  106  9:17  Robotics Bay  
  106  9:27  Zealot  
  106  9:31  Pylon  
  108  9:33  Pylon  
  108  9:36  Pylon  
  108  9:43  Pylon  
  108  9:47  Immortal (Chrono Boost)  
  108  9:48  Pylon  
  116  9:57  Stalker x4  
  116  9:58  Sentry  
  126  10:06  Zealot x2  
  123  10:14  Colossus (Chrono Boost)  
  123  10:15  Extended Thermal Lance (Chrono Boost)  
  123  10:17  Immortal (Chrono Boost)  
  123  10:18  Observer  
  123  10:20  Pylon  
  123  10:21  Pylon  
  129  10:22  Probe x3  
  129  10:23  Probe  
  126  10:40  Probe x4  
  130  10:54  Zealot x3  
  130  10:55  Observer (Chrono Boost), Zealot x4  
  149  11:04  Colossus (Chrono Boost)  
  145  11:11  Protoss Ground Weapons Level 2 (Chrono Boost)  
  145  11:15  Zealot x7  
  159  11:22  Templar Archives  
  133  11:33  Gateway  
  133  11:36  Probe x4, Robotics Facility  
  133  11:38  Gateway  
  131  11:41  Gateway  
  125  11:47  Zealot x5  
  125  11:51  Photon Cannon  
  135  11:57  Observer  
  135  12:00  High Templar  
  135  12:01  High Templar  
  133  12:04  Assimilator  
  133  12:07  Assimilator  
  123  12:12  Zealot x5  
  131  12:18  Observer  
  131  12:21  Forge  
  126  12:24  Warp Prism  
  126  12:27  Archon  
  108  12:39  Disruptor  
  108  12:43  Stalker x3  
  108  12:44  Stalker x4  
  121  12:45  High Templar x3  
  127  12:51  Archon  
  127  12:59  Disruptor  
  127  13:04  High Templar  
  132  13:14  Archon, Disruptor  
  132  13:15  Stalker x3  
  132  13:16  Stalker x2  
  145  13:22  Nexus  
  143  13:35  Zealot x5  
  155  13:43  Zealot x5  
Show
View Real Time Build Order
Export as new Build Order

MaSa Terran 

Build Orders:  

Get SALT Encoding   

  12  0:00  SCV  
  13  0:12  SCV  
  14  0:17  Supply Depot  
  14  0:24  SCV  
  15  0:38  SCV  
  15  0:40  Barracks  
  16  0:44  Refinery  
  16  0:50  SCV  
  17  0:58  Engineering Bay  
  17  1:03  SCV  
  18  1:15  SCV  
  19  1:26  Marine  
  19  1:27  Orbital Command  
  20  1:34  Supply Depot  
  20  1:46  Factory  
  20  1:48  Marine  
  21  1:55  SCV  
  21  1:58  Refinery  
  22  2:06  Barracks Reactor  
  22  2:07  SCV  
  23  2:12  Bunker  
  23  2:19  SCV  
  24  2:26  Supply Depot  
  24  2:31  Starport  
  24  2:32  SCV  
  25  2:46  Hellion x2  
  25  2:48  SCV  
  30  2:54  Supply Depot  
  30  3:00  Barracks Tech Lab, SCV  
  31  3:10  Hellion x2  
  31  3:12  SCV  
  35  3:15  Medivac  
  37  3:24  SCV  
  38  3:31  Widow Mine  
  38  3:32  Widow Mine  
  42  3:36  SCV  
  42  3:40  Armory  
  42  3:49  SCV  
  42  3:52  Widow Mine  
  44  3:58  Widow Mine  
  44  4:06  SCV  
  44  4:07  Command Center  
  45  4:19  SCV  
  46  4:28  Widow Mine x2  
  45  4:32  SCV  
  44  4:40  Medivac  
  44  4:44  SCV, Command Center  
  43  4:49  Widow Mine x2  
  47  4:57  Supply Depot  
  47  5:09  Bunker  
  47  5:17  Medivac  
  47  5:18  SCV, Marine  
  47  5:19  Widow Mine x2  
  53  5:26  Stimpack  
  51  5:30  Barracks x2  
  51  5:34  SCV  
  52  5:36  Engineering Bay  
  52  5:40  Supply Depot  
  50  5:50  Widow Mine  
  50  5:51  Widow Mine  
  50  5:53  SCV  
  51  5:59  Marine  
  52  6:07  SCV  
  52  6:09  Starport Reactor  
  53  6:12  Widow Mine x2  
  53  6:17  Marine  
  53  6:18  Orbital Command  
  58  6:19  Barracks Reactor x2  
  58  6:25  SCV  
  57  6:38  SCV, Marine  
  63  6:40  Widow Mine x2  
  62  6:47  SCV  
  62  6:49  Terran Infantry Weapons Level 1  
  62  6:50  SCV  
  64  6:56  Marine x5  
  64  6:57  Bunker, Medivac, Supply Depot  
  64  6:58  Medivac  
  73  7:06  SCV  
  72  7:09  SCV  
  72  7:11  Widow Mine x2  
  72  7:13  Marine  
  72  7:14  Marine x2  
  78  7:18  SCV  
  78  7:21  SCV  
  78  7:25  Marine x2  
  78  7:27  Medivac  
  82  7:31  SCV, Marine  
  82  7:33  Refinery, Supply Depot  
  82  7:34  Refinery  
  82  7:42  Marine x2, Combat Shield  
  82  7:43  Marine x2  
  86  7:55  SCV x2  
  86  7:57  Medivac  
  88  8:03  Marine x3  
  91  8:07  SCV x2  
  91  8:10  Command Center  
  91  8:12  Marine x2  
  90  8:16  Widow Mine  
  93  8:21  Widow Mine, Marine  
  82  8:30  Marine  
  82  8:31  Marine x3  
  82  8:33  SCV  
  82  8:34  SCV  
  77  8:39  Marine  
  78  8:46  SCV, Terran Infantry Armor Level 1  
  78  8:47  SCV  
  76  8:48  Marine  
  76  8:49  Barracks  
  76  8:50  Barracks  
  76  8:54  Widow Mine x2, Marine  
  82  9:03  Marine  
  82  9:08  Medivac x2  
  86  9:13  SCV  
  86  9:14  Marine x4  
  86  9:15  Concussive Shells  
  91  9:19  SCV  
  92  9:25  SCV  
  92  9:28  Marine  
  90  9:32  Marine  
  90  9:33  SCV, Marauder, Engineering Bay  
  90  9:37  SCV  
  95  9:40  Barracks x2  
  95  9:41  Marine x2  
  95  9:42  Barracks Tech Lab x2  
  95  9:44  Widow Mine  
  101  9:45  Widow Mine  
  101  9:49  SCV  
  103  9:53  Orbital Command, Supply Depot  
  103  9:54  Marauder  
  104  10:11  Marauder x2, Marine x4  
  104  10:13  Medivac  
  104  10:14  Medivac  
  110  10:16  Marauder  
  110  10:19  SCV  
  110  10:20  SCV x2  
  113  10:29  Marine  
  113  10:31  Marine x4  
  113  10:32  Marine  
  113  10:33  Marauder x2  
  120  10:36  Marine  
  120  10:39  Refinery  
  120  10:40  Refinery, Supply Depot  
  117  10:47  Marine  
  117  10:51  Marine x2  
  117  10:52  Marine x2  
  117  10:54  Barracks Tech Lab, Marauder  
  121  10:58  Medivac  
  121  11:07  Marauder, Marine x2  
  123  11:12  Marine x2  
  123  11:13  Marauder, Marine x2  
  123  11:15  SCV  
  123  11:16  Terran Infantry Weapons Level 2  
  118  11:30  Marauder x2, Marine x4  
  103  11:33  Medivac x2  
  103  11:34  Widow Mine x2  
  104  11:41  Marine x2  
  104  11:42  Marauder  
  100  11:48  Marauder, Marine x3  
  100  11:51  Marine  
  96  11:57  Widow Mine x2  
  96  11:58  Marauder  
  96  11:59  Marine x2  
  99  12:03  SCV x3  
  94  12:13  Marine  
  94  12:14  Marauder x2  
  94  12:15  Command Center  
  97  12:21  Marine x2  
  97  12:22  Marauder  
  86  12:34  Marine x3  
  86  12:35  SCV, Marauder  
  70  12:44  Marine x3  
  70  12:45  SCV, Marine, Orbital Command  
  75  12:52  Medivac  
  75  12:56  Marine x2  
  75  12:57  Marine  
  80  12:58  SCV  
  80  13:03  SCV  
  82  13:11  SCV x2  
  84  13:15  SCV, Missile Turret  
  84  13:17  Marine x2  
  84  13:18  Marauder x2  
  91  13:23  Medivac x2  
  93  13:33  Widow Mine x2, Marine  
  88  13:44  Marine x2  
Tags
 
Add a new tag
Caveats
  • Supply blocks, unpowered buildings, or Contaminate may cause inaccurate times.
  • Supply counts are checked every 10 seconds.